 Dungeon Crawl Stone Soup version 0.30-a0-696-g2367cd04db (webtiles) character file.

Game seed: 8086149388339079749

2108507 demibob the Talismancer (level 27, 117/224 HPs)
             Began as a Demonspawn Gladiator on Jan 18, 2023.
             Was the Champion of Hepliaklqana.
             Escaped with the Orb
             ... and 4 runes on Jan 20, 2023!
             The game lasted 03:13:25 (82959 turns).

demibob the Talismancer (Demonspawn Gladiator)     Turns: 82959, Time: 03:13:26

Health: 117/224    AC: 45    Str: 22    XL:     27
Magic:  30/30      EV: 26    Int: 14    God:    Hepliaklqana [******]
Gold:   8556       SH:  7    Dex: 19    Spells: 28/36 levels left

rFire   + + +      SeeInvis .    a - +9 demon whip (elec)
rCold   + . .      Faith    .    d - +1 buckler "Otiem" {Harm rF+ rC+ Str+3}
rNeg    . . .      Spirit   .    q - +8 fire dragon scales
rPois   .          Reflect  .    (helmet unavailable)
rElec   +          Harm     +    p - +2 cloak {Will+}
rCorr   .          Rampage  .    S - +2 pair of gloves {infuse}
Will    +++++      Clarity  +    V - +0 pair of boots
Stlth   +                        K - necklace of Bloodlust {Fury *Rage Will++ Int-3 Slay+6}
HPRegen 0.57/turn                r - ring of the Tortoise {AC+8}
MPRegen 0.22/turn                g - ring "Yppeg" {EV+5 Slay+3}

@: mildly poisoned (117 -> 101), studying Transmutations
A: reduced essence, horns 3, thin metallic scales 3, demonic guardian 3, demonic
magic 3, corrupting presence 2, word of chaos, clarity, clever 1, cold
resistance 1, subdued magic 2
0: Orb of Zot
}: 4/15 runes: decaying, slimy, silver, gossamer
a: Word of Chaos, Renounce Religion, Recall Ancestor, Ancestor Identity,
Transference, Idealise


You escaped.
You worshipped Hepliaklqana.
Hepliaklqana was exalted by your worship.
You visited 12 branches of the dungeon, and saw 56 of its levels.
You visited 1 bazaar.
You also visited: Gauntlet.

You collected 11802 gold pieces.
You spent 3246 gold pieces at shops.


Innate Abilities, Weirdness & Mutations

Your life essence is reduced to manifest your ancestor. (-10% HP)
You have a pair of large horns on your head.
You are completely covered in thin metallic scales. (AC +4, rElec)
A powerful demonic guardian rushes to your aid.
Spells you cast and wands you use may paralyse nearby enemies.
Your presence sometimes corrodes or deforms those you injure.
You can speak a Word of Chaos.
You possess an exceptional clarity of mind.
Your mind is acute. (Int +4, Str/Dex -1)
Your flesh is cold resistant. (rC+)
Your spells are easier to cast, but less powerful.


   Skills:
 O Level 27 Fighting
 - Level 12.3(13.2) Maces & Flails
 - Level 7.5(10.9) Staves
 - Level 1.7 Throwing
 + Level 20.3 Armour
 + Level 17.9 Dodging
 - Level 4.4 Stealth
 - Level 7.0 Shields
 - Level 5.3 Spellcasting
 - Level 8.2 Transmutations
 - Level 7.9 Poison Magic
 O Level 27 Evocations


You had 28 spell levels left.
You knew the following spells:

 Your Spells              Type           Power      Damage    Failure   Level
m - Mephitic Cloud        Conj/Pois/Air  6%         N/A       32%         3
p - Poisonous Vapours     Pois/Air       18%        N/A       9%          2
X - Ignite Poison         Fire/Tmut/Pois 11%        N/A       10%         3

Your spell library contained the following spells:

 Spells                   Type           Power      Damage    Failure   Level
 Wereblood                Tmut           16%        N/A       1%          2
 Spider Form              Tmut/Pois      16%        N/A       2%          3
 Passwall                 Tmut/Erth      7%         N/A       8%          2
 Olgreb's Toxic Radiance  Pois           16%        N/A       12%         4
 Cigotuvi's Dreadful Rot  Necr/Pois/Air  12%        N/A       16%         2
 Blade Hands              Tmut           8%         N/A       28%         5
 Apportation              Tloc           4%         N/A       32%         1
 Freeze                   Ice            8%         1d3       32%         1
 Kiss of Death            Conj/Necr      8%         2d6       32%         1
 Magic Dart               Conj           8%         1d3       32%         1
 Necrotise                Necr           8%         1d4       32%         1
 Summon Small Mammal      Summ           8%         N/A       32%         1
 Alistair's Intoxication  Tmut/Pois      10%        N/A       32%         5
 Blink                    Tloc           4%         N/A       45%         2
 Call Imp                 Summ           2%         N/A       45%         2
 Ensorcelled Hibernation  Hex/Ice        4%         N/A       45%         2
 Momentum Strike          Conj/Tloc      4%         3d8       45%         2
 Scorch                   Fire           4%         2d5       45%         2
 Static Discharge         Conj/Air       4%         2-3/arc   45%         2
 Sublimation of Blood     Necr           2%         N/A       45%         2
 Ice Form                 Ice/Tmut       9%         N/A       52%         4
 Petrify                  Tmut/Erth      9%         N/A       52%         4
 Call Canine Familiar     Summ           2%         N/A       71%         3
 Confusing Touch          Hex            2%         N/A       71%         3
 Dazzling Flash           Conj/Hex       4%         N/A       71%         3
 Frozen Ramparts          Ice            4%         1d1       71%         3
 Hailstorm                Conj/Ice       2%         3d3       71%         3
 Kindle Blastsparks       Fire/Tloc/Air  4%         2d10      71%         3
 Ozocubu's Armour         Ice            2%         N/A       71%         3
 Portal Projectile        Hex/Tloc       4%         N/A       71%         3
 Summon Guardian Golem    Hex/Summ       2%         N/A       71%         3
 Teleport Other           Tloc           2%         N/A       71%         3
 Tukima's Dance           Hex            2%         N/A       71%         3
 Vampiric Draining        Necr           2%         2d6       71%         3
 Vhi's Electric Charge    Tloc/Air       4%         N/A       71%         3
 Irradiate                Conj/Tmut      4%         3d13      87%         5
 Yara's Violent Unravell  Hex/Tmut       4%         3d4       87%         5
 Eringya's Noxious Bog    Tmut/Pois      8%         N/A       90%         6
 Anguish                  Hex/Necr       1%         N/A       98%         4
 Animate Armour           Summ/Erth      4%         N/A       98%         4
 Animate Dead             Necr           2%         N/A       98%         4
 Cause Fear               Hex            1%         N/A       98%         4
 Dispel Undead            Necr           2%         3d7       98%         4
 Flame Wave               Conj/Fire      2%         2d4       98%         4
 Iskenderun's Mystic Bla  Conj/Tloc      2%         2d3       98%         4
 Leda's Liquefaction      Hex/Erth       1%         N/A       98%         4
 Manifold Assault         Tloc           2%         N/A       98%         4
 Passage of Golubria      Tloc           2%         N/A       98%         4
 Sticky Flame             Conj/Fire      2%         2d3       98%         4
 Summon Ice Beast         Ice/Summ       2%         N/A       98%         4
 Summon Lightning Spire   Summ/Air       2%         N/A       98%         4
 Agony                    Necr           2%         N/A       100%        5
 Arcjolt                  Conj/Air       1%         1d11      100%        5
 Borgnjor's Vile Clutch   Necr/Erth      1%         N/A       100%        5
 Freezing Cloud           Conj/Ice/Air   1%         6-21      100%        5
 Lightning Bolt           Conj/Air       1%         1d12      100%        5
 Metabolic Englaciation   Hex/Ice        1%         N/A       100%        5
 Silence                  Hex/Air        1%         N/A       100%        5
 Summon Forest            Summ/Tloc      1%         N/A       100%        5
 Summon Mana Viper        Hex/Summ       2%         N/A       100%        5
 Conjure Ball Lightning   Conj/Air       1%         3x3d6     100%        6
 Death Channel            Necr           1%         N/A       100%        6
 Simulacrum               Ice/Necr       1%         N/A       100%        6
 Starburst                Conj/Fire      1%         6d3       100%        6
 Summon Cactus Giant      Summ           1%         N/A       100%        6
 Dragon Form              Tmut           8%         N/A       100%        7
 Enfeeble                 Hex            1%         N/A       100%        7
 Malign Gateway           Summ/Tloc      1%         N/A       100%        7
 Monstrous Menagerie      Summ           1%         N/A       100%        7
 Storm Form               Tmut/Air       4%         N/A       100%        7
 Summon Hydra             Summ           1%         N/A       100%        7
 Discord                  Hex            1%         N/A       100%        8
 Disjunction              Tloc           1%         N/A       100%        8
 Ignition                 Fire           1%         3d3       100%        8
 Infestation              Necr           1%         N/A       100%        8
 Lehudib's Crystal Spear  Conj/Erth      1%         10d2      100%        8
 Maxwell's Capacitive Co  Air            1%         ∞         100%        8
 Chain Lightning          Conj/Air       1%         3d1       100%        9
 Death's Door             Necr           1%         N/A       100%        9
 Dragon's Call            Summ           1%         N/A       100%        9
 Polar Vortex             Ice            1%         N/A       100%        9

Inventory:

Hand Weapons
 a - a +9 demon whip of electrocution (weapon)
 w - a +9 demon whip of venom
Armour
 d - the +1 buckler "Otiem" (worn) {Harm rF+ rC+ Str+3}
   (You acquired it on level 4 of the Swamp)

   Str:       It affects your strength (+3).
   rF:        It protects you from fire.
   rC:        It protects you from cold.
   Harm:      It increases damage dealt and taken.
 p - a +2 cloak of willpower (worn)
 q - +8 fire dragon scales (worn)
 S - a +2 pair of gloves of infusion (worn)
 V - a +0 pair of boots (worn)
Jewellery
 c - a ring of protection from cold
 f - the brooch of Shielding {Spirit SH+8}
   (You bought it in a shop on level 9 of the Dungeon)

   [amulet of guardian spirit]

   It causes incoming damage to be divided between your reserves of health and
   magic.
   SH:        It affects your SH (+8).
 g - the ring "Yppeg" (right hand) {EV+5 Slay+3}
   (You found it on level 2 of the Realm of Zot)

   [ring of evasion]

   EV:        It affects your evasion (+5).
   Slay:      It affects your accuracy & damage with ranged weapons and melee
   (+3).
 r - the ring of the Tortoise (left hand) {AC+8}
   (You found it on level 11 of the Dungeon)

   [ring of protection]

   AC:        It affects your AC (+8).
 v - a ring of see invisible
 D - the ring "Liush" {rElec rCorr Int+3 Dex+6 Stlth-}
   (You found it on level 3 of the Crypt)

   [ring of dexterity]

   Int:       It affects your intelligence (+3).
   Dex:       It affects your dexterity (+6).
   rElec:     It insulates you from electricity.
   rCorr:     It protects you from acid and corrosion.
   Stlth:     It makes you less stealthy.
 E - the ring "Peotul" {rPois EV+5}
   (You took it off a deep elf zephyrmancer on level 3 of the Elven Halls)

   [ring of evasion]

   EV:        It affects your evasion (+5).
   rPois:     It protects you from poison.
 H - the ring of Shadows {Umbra +Inv Stlth+}
   (You took it off a wizard on level 10 of the Dungeon)

   [ring of stealth]

   Umbra:     It surrounds you with an aura of shadow, increasing your stealth
   and reducing the accuracy of all others within it.
   +Inv:      It lets you turn invisible.
   Stlth:     It makes you more stealthy.
 K - the necklace of Bloodlust (around neck) {Fury *Rage Will++ Int-3 Slay+6}
   (You found it in a Gauntlet)

   [amulet of nothing]

   Fury:      It extends the wearer's berserk rage when killing foes.
   Int:       It affects your intelligence (-3).
   Slay:      It affects your accuracy & damage with ranged weapons and melee
   (+6).
   *Rage:     It berserks you when you make melee attacks (+50% chance).
   Will:      It greatly increases your willpower.
 L - a ring of flight
 N - the amulet "Yxtiuxez" {+Blink Regen+ Str+3 Dex+3}
   (You took it off a tengu reaver on level 5 of the Vaults)

   [amulet of regeneration]

   Str:       It affects your strength (+3).
   Dex:       It affects your dexterity (+3).
   +Blink:    It lets you blink.
   Regen:     It increases your rate of health regeneration.
 T - the ring "Poitroav" {rF+ Will+ SInv}
   (You found it on level 5 of the Vaults)

   [ring of see invisible]

   rF:        It protects you from fire.
   SInv:      It lets you see invisible.
   Will:      It increases your willpower.
Wands
 h - a wand of mindburst (21)
 i - a wand of roots (13)
 m - a wand of flame (146)
 o - a wand of paralysis (44)
 t - a wand of polymorph (25)
 x - a wand of digging (10)
Scrolls
 u - 4 scrolls of magic mapping
 y - 15 scrolls of teleportation {@r2}
 F - a scroll of enchant armour
 I - 6 scrolls of silence {!r}
 M - 7 scrolls of fear
 O - 7 scrolls of fog
Potions
 l - 11 potions of brilliance
 n - a potion of might
 s - 2 potions of berserk rage {!q}
 z - 6 potions of resistance
 B - 7 potions of cancellation
 Q - 3 potions of flight
 W - 10 potions of mutation
 X - 4 potions of haste {@q3}
Miscellaneous
 b - a phantom mirror
 e - a condenser vane
 j - the horn of Geryon
 C - a lightning rod (4/4) (quivered)
 P - a box of beasts
 R - a piece from Xom's chessboard (15/15)

Dungeon Overview and Level Annotations

Branches:
Dungeon (15/15)            Temple (0/1) D:4            Lair (5/5) D:10
  Swamp (4/4) Lair:3       Spider (4/4) Lair:2        Slime (5/5) Lair:5
    Orc (2/2) D:12            Elf (3/3) Orc:2        Vaults (5/5) D:13
  Crypt (3/3) Vaults:3       Tomb (0/3) Crypt:3      Depths (4/4) D:15
   Hell (visited)             Dis (0/7) Hell            Geh (0/7) Hell
    Coc (0/7) Hell            Tar (0/7) Hell            Zot (5/5) Depths:4
Gauntlet (visited)

Altars:
Fedhas
Gozag
Hepliaklqana
Kikubaaqudgha
Qazlal
Sif Muna
Trog
Uskayaw
Yredelemnul
Jiyva
Lugonu

Shops:
D:2 (   D:9 (=   D:13 *   D:14 ([   Orc:2 =*[(   Elf:1 !   Vaults:2 ((**
Vaults:4 (   Depths:3 *[**

Portals:
Hell: Depths:1 Depths:2 Depths:3 Depths:4
Abyss: Depths:1 Depths:3 Depths:4
Pandemonium: Depths:2
Ziggurat: Depths:1

Annotations:
Elf:2 3 runed translucent doors, Roxanne
Zot:5 exclusion: obsidian statue

.###.##.##..#...#>...............
....)........................#.##
####.##.#........................
####........#...#####.###########
................# ######...####
####..#+#......######..##.###.##.
#........#.##○.░#.#.#.## #####
#........#.##☼○○2###2.# ####..
#........+.##@○###.#..###...##
#........##.#○☼○.##.#░.##.#░.#
#........##.#.☼##)..##...####.
##..#+##'###.##################
#..............................
#........##...#.#..##.....##...
#...#.#####...#..÷.##.###.##..#
#...#.#####...#.#..##.###.##...
#...#...)......................


You could see a green death.


Message History

(D) Dungeon (T) Temple (L) Lair (S) Swamp (N) Spider Nest (M) Slime Pits (O) Orcish Mines (E) Elven Halls (V) Vaults (C) Crypt (W) Tomb (U) Depths (H) Hell (I) Dis (G) Gehenna (X) Cocytus (Y) Tartarus (Z) Zot
Where to? (Enter - D:1, ? - help)
There is an open door here.
There is an open door here.
A sun demon comes into view.
There is a stone staircase leading up here.
You climb upwards.
There is a stone staircase leading down here.
There is a stone staircase leading up here.
You climb upwards.
There is a stone staircase leading down here.
A green death comes into view.
The green death roars!
The green death gestures at you. The poison arrow misses you.
The green death gestures at you. The poison arrow hits you!
You are poisoned.
You feel very sick.
You feel very sick.
There is a staircase leading out of the dungeon here.
You feel sick. The green death gestures at you.
The blast of poison engulfs you!
You are more poisoned.
You have escaped!

Skill      XL: |  1  2  3  4  5  6  7  8  9 10 11 12 13 14 15 16 17 18 19 20 21 22 23 24 25 26 |
---------------+-------------------------------------------------------------------------------+-----
Staves         | 3 4 5 6 7 |  7.5
Maces & Flails | 4 9 11 12 | 12.3
Dodging        | 3 6 9 11 15 16 17 | 17.9
Fighting       | 7 10 12 15 18 20 21 23 24 25 27 | 27.0
Armour         | 6 9 11 13 15 17 19 20 | 20.3
Stealth        | 2 4 |  4.4
Poison Magic   | 3 6 7 |  7.9
Spellcasting   | 5 |  5.3
Shields        | 4 7 |  7.0
Transmutations | 8 |  8.2
Evocations     | 9 12 15 18 20 23 26 27 | 27.0
Throwing       | |  1.7

Action                   |  1- 3 |  4- 6 |  7- 9 | 10-12 | 13-15 | 16-18 | 19-21 | 22-24 | 25-27 || total
-------------------------+-------+-------+-------+-------+-------+-------+-------+-------+-------++-------
Melee: Quarterstaff      |    78 |   128 |    15 |       |       |       |       |       |       ||   221
       Whip              |       |       |   167 |   429 |       |   452 |       |       |       ||  1048
       Punch             |       |       |     4 |     7 |    12 |       |       |       |       ||    23
       Headbutt          |       |       |    10 |   132 |   262 |   386 |   361 |   461 |   346 ||  1958
       Demon whip        |       |       |       |    82 |  1027 |   738 |  1220 |  1241 |   928 ||  5236
Throw: Throwing net      |       |       |       |     1 |       |       |       |       |       ||     1
 Cast: Ignite Poison     |       |       |       |       |       |     2 |       |       |       ||     2
Invok: Ancestor Identity |     1 |       |       |       |       |       |       |       |       ||     1
       Ancestor Life: Ba |       |     1 |       |       |       |       |       |       |       ||     1
       Recall Ancestor   |       |       |       |       |       |       |     1 |       |     1 ||     2
Evoke: Wand              |       |     4 |     3 |    10 |     8 |       |    18 |    20 |     5 ||    68
       Lightning rod     |       |       |       |       |     2 |       |       |     2 |    15 ||    19
       Condenser vane    |       |       |       |       |       |       |    10 |     9 |     6 ||    25
       Box of beasts     |       |       |       |       |       |       |       |       |     1 ||     1
       Horn of Geryon    |       |       |       |       |       |       |       |       |     1 ||     1
  Use: Scroll            |       |     5 |     9 |    11 |    21 |    10 |    14 |    12 |    15 ||    97
       Potion            |       |     2 |     2 |     8 |     6 |    15 |    13 |    16 |    15 ||    77
 Stab: Distracted        |       |     1 |     5 |     5 |    15 |    34 |    31 |    29 |    16 ||   136
       Sleeping          |       |     1 |       |       |    16 |     2 |       |     2 |       ||    21
       Invisible         |       |       |       |     5 |     3 |     3 |       |       |       ||    11
       Paralysed         |       |       |       |       |       |     1 |     1 |       |       ||     2
Armor: Leather armour    |    20 |    33 |    36 |    13 |    25 |    19 |       |       |       ||   146
       Troll leather arm |       |       |       |    36 |   178 |       |       |       |       ||   214
       Scale mail        |       |       |       |       |       |   448 |   390 |       |       ||   838
       Fire dragon scale |       |       |       |       |       |       |    66 |   518 |   339 ||   923
Dodge: Dodged            |    30 |    59 |   120 |   314 |   654 |   674 |   639 |   566 |   646 ||  3702
Block: Buckler           |       |       |       |       |    12 |   253 |   295 |   655 |   424 ||  1639

Levels and vault maps discovered:
D:1:      dpeg_arrival_signposts, layout_basic,
          shapermc_ecumenical_altar_mp_ritualfount, reono_crystal_passage,
          dreamdust_mushroom_princess
D:2:      layout_basic, serial_shops, nicolae_shop_overgrown_old_shop,
          uniq_jessica
D:3:      layout_basic, uniq_natasha
D:4:      layout_loops_ring, kiku_gazebo_garden_becter,
          minmay_temple_entry_junction_2, chequers_big_river, minmay_small_thing
D:5:      layout_cave_pools, mainiacjoe_overflow_concentric_impassable,
          mainiacjoe_overflow_six_doors_small, minmay_quadrilaterals,
          uniq_edmund
D:6:      layout_gridville, nicolae_elyvilon_peaceful_grove,
          mainiacjoe_overflow_boulevard, uniq_pikel
D:7:      layout_cave_pods
D:8:      layout_basic, hangedman_decor_growths, uniq_joseph, uniq_amaemon
D:9:      layout_rooms, nicolae_uskayaw_murder_on_the_dancefloor,
          general_overflow_altar, serial_shops,
          nicolae_shop_competitors_out_of_business, kennysheep_little_box,
          uniq_maurice, uniq_erica
D:10:     minmay_the_grid_3x3 [minmay_the_grid_tiny_cups,
          minmay_the_grid_small_cups, minmay_the_grid_square_x,
          minmay_the_grid_odd_star, minmay_the_grid_minigrid_small_alt,
          minmay_the_grid_diamond_grid, minmay_the_grid_medium_cups,
          minmay_the_grid_rooms, minmay_the_grid_prize_shrinking_boxes],
          layout_layer_cave, kennysheep_potato, uniq_lodul
D:11:     layout_grid_maze, ebering_ghost_disaster_area,
          kb_lookout_dungeons_type, uniq_sonja
D:12:     layout_loops_ring, orc_0_dummy, minmay_misc_feat_more_columns,
          nicolae_hepliaklqana_hazy_memory
D:13:     layout_roguey, erik_vaults_1, guppyfry_shop_blood
D:14:     layout_irregular_city, serial_shops, shop, nicolae_shop_firing_range
D:15:     grunt_enter_depths_snipers, layout_gridville, kennysheep_flooded_box
Lair:1:   layout_long_grid, gauntlet_entry_generic, grunt_megastairs_4
Lair:2:   beast_lair_carwin_large_1, layout_regular_city,
          nicolae_spider_entry_orb_guardian, nicolae_volcano_entry_lava_flow,
          uniq_urug
Lair:3:   layout_roguey, minmay_swamp_entry_swarm, pdpol_lair_neglected_garden,
          minivault_26
Lair:4:   minmay_guarded_unrand_snakebite, layout_cave_pods, grunt_megastairs_1,
          uniq_rupert
Lair:5:   due_jungle_book, layout_big_grid, minmay_slime_entry_jelly_boxes,
          bh_autumn_forest_stairs
Swamp:1:  layout_falls_marsh, evilmike_swamp_ruin_house_5, swamp_pool1
Swamp:2:  layout_basic_swamp, basic_altar, swamp_pool3,
          nicolae_swamp_orc_logging_accident
Swamp:3:  layout_falls_marsh, nicolae_swamp_bean_lake
Swamp:4:  grunt_swamp_rune_castle, layout_basic_swamp, swamp_pool2
Spider:1: layout_spider_delve, portal_ice_cave_entry_pillars_2, uniq_nikola
Spider:2: layout_spider_delve, nicolae_spider_baby_got_redback, uniq_kirke
Spider:3: layout_spider_delve, uniq_bai_suzhen
Spider:4: grunt_spider_rune_parallel, gammafunk_ghost_split,
          nicolae_spider_webbed_stairs
Slime:1:  layout_caves
Slime:2:  layout_caves
Slime:3:  cheibrodos_slime_lost_civilization_10, layout_caves
Slime:4:  layout_caves
Slime:5:  uniq_dissolution
Orc:1:    lemuel_ogre_cave, layout_caves, special_room [special_room_bee],
          kennysheep_orc_sif_temple, uniq_jorgrun, uniq_harold, uniq_snorg
Orc:2:    grunt_orc_gardens, layout_diamond_mine, grunt_orc_garden,
          grunt_orc_garden, grunt_orc_garden, grunt_orc_garden, basic_altar
Elf:1:    nicolae_elf_arrival_fired_up, layout_geoelf_diagonals, serial_shops,
          shop, minmay_elf_crystal_hexagon, kb_rosetta
Elf:2:    nicolae_elf_blades_splatter_lattice [nicolae_blade_tridents],
          layout_geoelf_octagon, serial_shops, bzr_entry_customers,
          serial_glass, glass_columns_a, glass_columns_a, glass_columns_c,
          glass_columns_a, glass_columns_b, glass_columns_b, glass_columns_a,
          glass_columns_a, glass_columns_c, glass_columns_a, uniq_asterion,
          uniq_roxanne, uniq_saint_roka
Elf:3:    minmay_elf_hall_statues, layout_gridlike
Vaults:1: nicolae_vaults_hallways_thing, ontoclasm_vaults_hangar, v_rooms_3,
          hangedman_vaults_nails, vaults_room_pool, grunt_vaults_funnel,
          grunt_vaults_hallway_short, v_misc_26, layout_vaults_big_room
Vaults:2: v_misc_22, ontoclasm_vaults_ligature, vaults_room_pools,
          kennysheep_vaults_gozag_temple, vaults_room_hallway,
          vaults_dpeg_cross, layout_vaults_omnigrid, serial_shops,
          nicolae_shop_stone
Vaults:3: vaults_dpeg_hooks, nicolae_vaults_bisected_slash,
          minmay_crypt_entry_nasty_monster, nicolae_vaults_network_quincunx
          [nicolae_vaults_network_quincunx_subvault,
          nicolae_vaults_network_quincunx_subvault,
          nicolae_vaults_network_quincunx_subvault,
          nicolae_vaults_network_quincunx_subvault,
          nicolae_vaults_network_quincunx_subvault], vaults_room_fours,
          hangedman_vaults_pinch, hangedman_vaults_snaps,
          nicolae_vaults_angled_halls, nicolae_vaults_three_branches,
          nicolae_vaults_shelves_hall, nicolae_vaults_rhombus_5,
          grunt_vaults_hallway_long, layout_vaults_omnicross, uniq_zenata
Vaults:4: dpeg_vaults_monster_row, ontoclasm_vaults_pinch, st_smaller_cells,
          vaults_room_door_ring, vaults_dpeg_diagonal, ontoclasm_vaults_fault,
          nicolae_vaults_network_barrier, v_misc_33, grunt_vaults_twisty,
          serial_ice_g, hangedman_vaults_hat, nicolae_vaults_gold_heap,
          layout_vaults_ring, serial_shops, nicolae_shop_window_shopping,
          uniq_frederick
Vaults:5
Crypt:1:  layout_misc_corridors, minmay_misc_feat_alley
Crypt:2:  layout_chaotic_city, basic_altar, hangedman_crypt_dual_shrines
Crypt:3:  due_elkab, layout_chaotic_city, nicolae_tomb_entry_rubble_hallway,
          minivault_4, nicolae_crypt_cryptocurrency, grunt_ministairs_7,
          minivault_19
Depths:1: layout_honeycomb, enter_ziggurat_c, dk_noncrumbling_4, hell_entry,
          abyss_entry_flame_altar, drop_trap, nicolae_benzene_ring,
          nicolae_qazlal_style_of_elements
Depths:2: hangedman_arrow_trap, layout_gridlike, yredelemnul_altar_generic,
          pan_entry, grunt_hell_horde
Depths:3: minmay_glassy_protrusions, layout_gridville, serial_shops,
          nicolae_stop_n_shop_1, abyss_entry_glasseish,
          chequers_serial_rivers_micro_a, hell_entry,
          infiniplex_staircase_pool_2, minmay_shop_star, uniq_parghit,
          uniq_jory, uniq_margery
Depths:4: grunt_x_marks_the_spot, layout_cave_pools,
          hangedman_abyss_entry_splay, grunt_hell_entry_dis_grunt,
          hangedman_decor_opposing
Hell
Zot:1:    lemuel_draconian_sentries_small, layout_twisted_circle
Zot:2:    layout_cathedral_of_symmetry
Zot:3:    layout_onion_interference, hangedman_snake_sidewinding
Zot:4:    layout_gridlike, grunt_megastairs_3
Zot:5:    layout_gridville, st_stairs_13

Notes
Turn   | Place    | Note
-------+----------+-------------------------------------------
     0 | D:1      | demibob the Demonspawn Gladiator began the quest for the
                  | Orb.
     0 | D:1      | Reached XP level 1. HP: 16/16 MP: 1/1
   114 | D:1      | Reached skill level 3 in Staves
   277 | D:1      | Gained mutation: You are partially covered in thin metallic
                  | scales. (AC +2) [demonic ancestry]
   277 | D:1      | Reached XP level 2. HP: 20/22 MP: 2/2
   588 | D:1      | Found a faded altar of an unknown god.
  1083 | D:1      | Prayed at the altar of an unknown god.
  1083 | D:1      | Became a worshipper of Hepliaklqana the Forgotten
  1083 | D:1      | Reached * piety under Hepliaklqana
  1255 | D:2      | Gained mutation: A weak demonic guardian rushes to your
                  | aid. [demonic ancestry]
  1255 | D:2      | Reached XP level 3. HP: 23/24 MP: 3/3
  1269 | D:2      | Reached skill level 4 in Staves
  1397 | D:2      | Noticed Jessica
  1409 | D:2      | Killed Jessica
  1497 | D:2      | Gained mutation: A demonic guardian rushes to your aid.
                  | [demonic ancestry]
  1497 | D:2      | Reached XP level 4. HP: 29/29 MP: 4/4
  1789 | D:2      | Found Vejemi's Antique Weapon Shoppe.
  2015 | D:3      | Reached ** piety under Hepliaklqana
  2287 | D:3      | Noticed Natasha
  2297 | D:3      | Killed Natasha
  2298 | D:3      | Reached skill level 5 in Staves
  2538 | D:3      | Gained mutation: You are mostly covered in thin metallic
                  | scales. (AC +3) [demonic ancestry]
  2538 | D:3      | Reached XP level 5. HP: 29/34 MP: 5/5
  2682 | D:3      | Noticed Natasha
  2690 | D:3      | Killed Natasha
  2766 | D:3      | Noticed Natasha
  2781 | D:3      | Killed Natasha
  2784 | D:3      | Remembered your ancestor Spoops as a battlemage
  2848 | D:4      | Noticed an ogre
  2850 | D:4      | Noticed an ogre
  2856 | D:4      | Killed an ogre
  2857 | D:4      | Reached skill level 6 in Staves
  2857 | D:4      | Gained mutation: Spells you cast may paralyse adjacent
                  | enemies. [demonic ancestry]
  2857 | D:4      | Reached XP level 6. HP: 39/39 MP: 6/6
  2868 | D:4      | Found the Hermit's Pendant {Faith Invo=14 Evo=0 MP+5}
  2968 | D:4      | Reached *** piety under Hepliaklqana
  3088 | D:4      | Reached skill level 7 in Staves
  3200 | D:4      | Found an ancient bone altar of Kikubaaqudgha.
  3236 | D:4      | Reached XP level 7. HP: 45/45 MP: 7/7
  3329 | D:4      | Found a staircase to the Ecumenical Temple.
  4003 | D:2      | Bought a crude whip for 150 gold pieces
  4003 | D:2      | Identified the +7 whip of Dissent {flame, Fly rC+ Will+}
                  | (You bought it in a shop on level 2 of the Dungeon)
  4122 | D:5      | Entered Level 5 of the Dungeon
  4151 | D:5      | Found a blossoming altar of Fedhas.
  4177 | D:5      | Reached skill level 1 in Maces & Flails
  4181 | D:5      | Reached skill level 2 in Maces & Flails
  4312 | D:5      | Found a bloodstained altar of Trog.
  4341 | D:5      | Noticed Edmund
  4346 | D:5      | Reached **** piety under Hepliaklqana
  4358 | D:5      | Killed Edmund
  4359 | D:5      | Reached skill level 3 in Maces & Flails
  4493 | D:5      | Reached skill level 4 in Maces & Flails
  4579 | D:5      | Reached XP level 8. HP: 40/50 MP: 8/8
  4643 | D:5      | Reached skill level 5 in Maces & Flails
  4922 | D:6      | Reached skill level 6 in Maces & Flails
  5114 | D:6      | Reached skill level 7 in Maces & Flails
  5168 | D:6      | Found a basalt altar of Yredelemnul.
  5314 | D:6      | Identified the +6 sling "Ivvetz" {drain, Fly rN+ Int-2}
  5323 | D:6      | Identified the +1 ring mail "Avafolur" {Harm +Blink rN+
                  | Str+4}
  5469 | D:6      | Noticed Pikel
  5475 | D:6      | Reached skill level 8 in Maces & Flails
  5482 | D:6      | Killed Pikel
  5483 | D:6      | Reached skill level 9 in Maces & Flails
  5483 | D:6      | Gained mutation: You have a pair of small horns on your
                  | head. [demonic ancestry]
  5483 | D:6      | Reached XP level 9. HP: 37/54 MP: 9/9
  5890 | D:7      | Reached skill level 10 in Maces & Flails
  6036 | D:7      | Reached ***** piety under Hepliaklqana
  6446 | D:8      | Noticed an orange demon
  6448 | D:8      | Noticed Amaemon
  6471 | D:8      | Killed Amaemon
  6472 | D:8      | Reached skill level 11 in Maces & Flails
  6472 | D:8      | Reached skill level 3 in Dodging
  6472 | D:8      | Reached XP level 10. HP: 28/61 MP: 10/10
  6474 | D:8      | HP: 6/61 [poisoned by orange demon (concentrated venom)]
  6474 | D:8      | Killed an orange demon
  6475 | D:8      | Reached skill level 3 in Fighting
  6477 | D:8      | HP: 2/63 [poisoned by orange demon (concentrated venom)]
  7060 | D:8      | Reached skill level 4 in Dodging
  7149 | D:8      | Noticed Joseph
  7162 | D:8      | Killed Joseph
  7163 | D:8      | Reached skill level 4 in Fighting
  7281 | D:8      | Reached skill level 5 in Fighting
  7281 | D:8      | Reached skill level 5 in Dodging
  7631 | D:9      | Reached skill level 6 in Fighting
  7689 | D:9      | Reached skill level 6 in Dodging
  7747 | D:9      | Found Zodopn's Weapon Shop.
  7763 | D:9      | Found a hide-covered altar of Uskayaw.
  7833 | D:10     | Entered Level 10 of the Dungeon
  8044 | D:9      | Noticed Erica
  8055 | D:9      | Killed Erica
  8056 | D:9      | Reached skill level 7 in Fighting
  8056 | D:9      | Reached XP level 11. HP: 57/75 MP: 11/11
  8257 | D:9      | Found a shimmering blue altar of Sif Muna.
  8263 | D:9      | Noticed Maurice
  8274 | D:9      | Killed Maurice
  8374 | D:9      | Reached skill level 7 in Dodging
  8635 | D:9      | Found Dimig's Jewellery Emporium.
  8836 | D:10     | Noticed a green ugly thing
  8842 | D:10     | Noticed a two-headed ogre
  8842 | D:10     | Killed a green ugly thing
  8843 | D:10     | Reached skill level 8 in Fighting
  8854 | D:10     | Killed a two-headed ogre
  8863 | D:10     | Reached skill level 8 in Dodging
  9080 | D:10     | Noticed a boulder beetle
  9184 | D:10     | Noticed Lodul
  9195 | D:10     | Killed Lodul
  9196 | D:10     | Reached skill level 9 in Fighting
  9437 | D:10     | Reached skill level 9 in Dodging
  9530 | D:10     | Found a staircase to the Lair.
  9548 | D:10     | Identified the +3 scimitar of Dishonesty {pain, Dex+3 SInv}
 10037 | D:10     | Killed a boulder beetle
 10139 | D:10     | Noticed a wizard
 10154 | D:10     | Reached skill level 10 in Fighting
 10154 | D:10     | Gained mutation: Spells you cast may paralyse nearby
                  | enemies. [demonic ancestry]
 10154 | D:10     | Reached XP level 12. HP: 87/87 MP: 12/12
 10180 | D:10     | Noticed a death knight
 10180 | D:10     | Noticed a two-headed ogre
 10192 | D:10     | Killed a death knight
 10193 | D:10     | Reached skill level 1 in Armour
 10196 | D:10     | Noticed a two-headed ogre
 10198 | D:10     | Killed a two-headed ogre
 10199 | D:10     | Reached skill level 2 in Armour
 10216 | D:10     | Killed a two-headed ogre
 10217 | D:10     | Reached skill level 3 in Armour
 10302 | D:10     | Reached skill level 11 in Fighting
 10324 | D:10     | Noticed a centaur warrior
 10451 | D:10     | Killed a centaur warrior
 10452 | D:10     | Reached skill level 4 in Armour
 10721 | D:9      | Bought a +4 ring of slaying for 936 gold pieces
 10834 | Lair:1   | Entered Level 1 of the Lair of Beasts
 10835 | Lair:1   | Identified the +9 falchion "Newtslayer" {flame, rF++ rN+}
 10846 | Lair:1   | Identified the +5 dire flail of the Riding Owl {heavy, rF+}
 10946 | Lair:1   | Found a gate leading to a gauntlet.
 10955 | Gauntlet | Entered a Gauntlet
 10955 | Gauntlet | Found a transporter.
 10955 | Gauntlet | Found a transporter.
 10964 | Gauntlet | Found a transporter.
 10967 | Gauntlet | Found a transporter.
 10975 | Gauntlet | Found a transporter.
 10979 | Gauntlet | Found a transporter.
 10985 | Gauntlet | Found a runed translucent gate.
 10987 | Gauntlet | Found a transporter.
 10988 | Gauntlet | Found a runed translucent gate.
 10989 | Gauntlet | Found a runed translucent gate.
 11000 | Gauntlet | Noticed a hell hog
 11003 | Gauntlet | Found a transporter.
 11017 | Gauntlet | Found a transporter.
 11021 | Gauntlet | Reached ****** piety under Hepliaklqana
 11021 | Gauntlet | Found a transporter.
 11029 | Gauntlet | Found a transporter.
 11033 | Gauntlet | Found a transporter.
 11085 | Gauntlet | Reached skill level 5 in Armour
 11195 | Gauntlet | Reached skill level 12 in Fighting
 11199 | Gauntlet | Identified the ring of Limitation {Ice Int+4}
 11221 | Gauntlet | Identified the +2 great sword of the Bedazzling Gods
                  | {heavy, rC++}
 11221 | Gauntlet | Noticed a minotaur
 11233 | Gauntlet | Killed a minotaur
 11234 | Gauntlet | Reached skill level 6 in Armour
 11304 | Gauntlet | Found the necklace of Bloodlust {Fury *Rage Will++ Int-3
                  | Slay+6}
 11307 | Gauntlet | Identified the +0 robe of Defence {rF+ Str-5 Dex+3}
 11308 | Gauntlet | Got the Octavo of Skepticism
 11355 | Lair:1   | Reached skill level 1 in Stealth
 11416 | Lair:1   | Reached skill level 2 in Stealth
 11475 | Lair:1   | Gained mutation: You are completely covered in thin
                  | metallic scales. (AC +4, rElec) [demonic ancestry]
 11475 | Lair:1   | Reached XP level 13. HP: 73/98 MP: 13/13
 11684 | Lair:1   | Reached skill level 3 in Stealth
 12097 | Lair:2   | Noticed Urug
 12110 | Lair:2   | Killed Urug
 12111 | Lair:2   | Reached skill level 4 in Stealth
 12303 | Lair:2   | Found a hole to the Spider Nest.
 12320 | Lair:2   | Reached skill level 13 in Fighting
 12490 | Lair:2   | Found a dark tunnel.
 12601 | Lair:2   | Reached skill level 10 in Dodging
 13035 | Lair:2   | Identified a scroll of acquirement
 13035 | Lair:2   | Acquired a manual of Fighting
 13386 | Lair:3   | Reached skill level 14 in Fighting
 13886 | Lair:3   | Found a staircase to the Swamp.
 14223 | Lair:4   | Reached skill level 11 in Dodging
 14492 | Lair:4   | Reached skill level 15 in Fighting
 14669 | Lair:4   | Noticed Rupert
 14670 | Lair:4   | >>LOL WTF
 14686 | Lair:4   | Killed Rupert
 14819 | Lair:4   | Gained mutation: You have a pair of horns on your head.
                  | [demonic ancestry]
 14819 | Lair:4   | Reached XP level 14. HP: 110/110 MP: 11/14
 14976 | Lair:4   | Found the +8 whip "Snakebite" {venom, curare, rPois}
 15250 | Lair:4   | Acquired a manual of Dodging
 15600 | Lair:5   | Entered Level 5 of the Lair of Beasts
 15614 | Lair:5   | Reached skill level 16 in Fighting
 15633 | Lair:5   | Reached skill level 12 in Dodging
 15865 | Lair:5   | Found a staircase to the Slime Pits.
 15871 | Lair:5   | Found a viscous altar of Jiyva.
 16802 | Lair:5   | Reached skill level 17 in Fighting
 16844 | Lair:5   | Reached skill level 13 in Dodging
 17581 | D:11     | Found a large runed translucent door.
 17581 | D:11     | Found a large runed translucent door.
 17585 | D:11     | Noticed themarg's ghost (journeyman GnTm)
 17585 | D:11     | Found the ring of the Tortoise {AC+8}
 17601 | D:11     | Noticed Sonja
 17604 | D:11     | Killed Sonja
 17605 | D:11     | Reached skill level 14 in Dodging
 17700 | D:11     | Reached skill level 18 in Fighting
 18843 | D:11     | Learned a level 2 spell: Poisonous Vapours
 18855 | D:11     | Killed themarg's ghost
 19150 | D:12     | Found a hazy altar of Hepliaklqana.
 19155 | D:12     | Reached skill level 1 in Poison Magic
 19171 | D:12     | Reached skill level 2 in Poison Magic
 19711 | D:12     | Found a staircase to the Orcish Mines.
 19865 | D:13     | Reached skill level 15 in Dodging
 19865 | D:13     | Reached skill level 3 in Poison Magic
 19867 | D:13     | Reached XP level 15. HP: 102/122 MP: 8/15
 20218 | D:13     | Reached skill level 4 in Poison Magic
 20225 | D:13     | Found a gate to the Vaults.
 20371 | D:13     | Found Jerghulux's Blood Bar.
 20589 | Orc:1    | Entered Level 1 of the Orcish Mines
 20889 | Orc:1    | Reached skill level 5 in Poison Magic
 21145 | Orc:1    | Found a shimmering blue altar of Sif Muna.
 21236 | Orc:1    | Noticed Snorg
 21245 | Orc:1    | Killed Snorg
 21396 | Orc:1    | Noticed Jorgrun
 21409 | Orc:1    | Killed Jorgrun
 21410 | Orc:1    | Reached skill level 16 in Dodging
 21453 | Orc:1    | Noticed Harold
 21461 | Orc:1    | Killed Harold
 21803 | Orc:1    | Reached skill level 6 in Poison Magic
 22267 | Orc:2    | Entered Level 2 of the Orcish Mines
 22301 | Orc:2    | Reached skill level 1 in Spellcasting
 22325 | Orc:2    | Found Coamatist's General Store.
 22344 | Orc:2    | Reached skill level 2 in Spellcasting
 22347 | Orc:2    | Paralysed by an orc sorcerer for 2 turns
 22436 | Orc:2    | Found a staircase to the Elven Halls.
 22543 | Orc:2    | Found Yvotoz's Jewellery Boutique.
 22627 | Orc:2    | Reached skill level 3 in Spellcasting
 22648 | Orc:2    | Found Jimae's Antique Armour Emporium.
 22841 | Orc:2    | Reached skill level 4 in Spellcasting
 23161 | Orc:2    | Found Ceuwkamy's Antique Weapon Shoppe.
 23446 | Orc:2    | Bought a dyed leather armour for 160 gold pieces
 23632 | D:14     | Reached skill level 5 in Spellcasting
 23701 | D:14     | Found Henemmu's Firing Range.
 23866 | D:14     | Reached skill level 1 in Shields
 23916 | D:14     | Found Poank's Armour Shop.
 24372 | D:15     | Entered Level 15 of the Dungeon
 24472 | D:15     | Reached skill level 2 in Shields
 24627 | D:15     | Reached skill level 3 in Shields
 24994 | D:15     | Reached skill level 4 in Shields
 25187 | D:15     | Found a staircase to the Depths.
 25187 | D:15     | Noticed a frost giant
 25193 | D:15     | Killed a frost giant
 25277 | D:15     | Reached XP level 16. HP: 126/128 MP: 20/23
 25365 | D:15     | Reached skill level 5 in Shields
 25832 | Spider:1 | Entered Level 1 of the Spider Nest
 25832 | Spider:1 | Noticed Nikola
 25844 | Spider:1 | Killed Nikola
 25851 | Spider:1 | Reached skill level 6 in Shields
 26258 | Spider:1 | Reached skill level 7 in Shields
 26362 | Spider:1 | Learned a level 3 spell: Mephitic Cloud
 26429 | Spider:1 | Identified the +6 scale mail of Lust {rElec}
 26597 | Spider:1 | Reached skill level 7 in Poison Magic
 27117 | Spider:2 | Reached skill level 7 in Armour
 27329 | Spider:2 | Noticed Kirke
 27339 | Spider:2 | Killed Kirke
 27435 | Spider:2 | Reached skill level 1 in Transmutations
 27661 | Spider:2 | Reached skill level 2 in Transmutations
 27989 | Spider:2 | Reached skill level 3 in Transmutations
 28282 | Spider:3 | Reached skill level 4 in Transmutations
 28373 | Spider:3 | Reached skill level 8 in Armour
 28506 | Spider:3 | Reached skill level 5 in Transmutations
 28631 | Spider:3 | Noticed Bai Suzhen
 28658 | Spider:3 | Killed Bai Suzhen
 28928 | Spider:3 | Reached skill level 6 in Transmutations
 29475 | Spider:4 | Entered Level 4 of the Spider Nest
 29646 | Spider:4 | Reached skill level 7 in Transmutations
 29691 | Spider:4 | Noticed acebull12's ghost (adept FoFi)
 29700 | Spider:4 | Found a runed translucent gate.
 29700 | Spider:4 | Found a runed translucent gate.
 29700 | Spider:4 | Found a runed translucent gate.
 29743 | Spider:4 | Reached skill level 9 in Armour
 29759 | Spider:4 | Killed acebull12's ghost
 29799 | Spider:4 | Identified the ring "Kul Jeiw" {Fly rF- rC+ Int+2}
 29809 | Spider:4 | Acquired 638 gold pieces
 30044 | Spider:4 | Reached skill level 8 in Transmutations
 30104 | Spider:4 | Reached XP level 17. HP: 135/135 MP: 6/24
 30245 | Spider:4 | Learned a level 3 spell: Ignite Poison
 30911 | Spider:4 | Reached skill level 10 in Armour
 31192 | Spider:4 | Identified a scarf of resistance
 31198 | Spider:4 | Got a gossamer rune of Zot
 31487 | Vaults:1 | Entered Level 1 of the Vaults
 32169 | Vaults:1 | Reached skill level 19 in Fighting
 32921 | Vaults:1 | Reached skill level 11 in Armour
 34540 | Vaults:2 | Found Gozag's Assorted Antiques.
 34541 | Vaults:2 | Found Gozag's Assorted Antiques.
 34560 | Vaults:2 | Reached skill level 20 in Fighting
 34560 | Vaults:2 | Found an opulent altar of Gozag.
 34560 | Vaults:2 | Found Gozag's Antique Weapon Shoppe.
 34575 | Vaults:2 | Reached XP level 18. HP: 108/145 MP: 1/25
 35109 | Vaults:2 | Found Midiczuc's Weapon Shoppe.
 35276 | Vaults:2 | Upgraded the game from 0.30-a0-652-gcc886f7154 to
                  | 0.30-a0-672-gc3a7216ad8
 35418 | Vaults:3 | Noticed Zenata
 35440 | Vaults:3 | Killed Zenata
 35932 | Vaults:3 | Found a staircase to the Crypt.
 36107 | Vaults:3 | Reached skill level 12 in Armour
 36202 | Vaults:3 | Reached skill level 21 in Fighting
 37507 | Vaults:4 | Found Roowacw's Antique Weapon Shoppe.
 37524 | Vaults:4 | Paralysed by a sphinx for 5 turns
 37733 | Vaults:4 | Reached skill level 13 in Armour
 38712 | Vaults:4 | Gained mutation: Spells you cast and wands you use may
                  | paralyse nearby enemies. [demonic ancestry]
 38712 | Vaults:4 | Reached XP level 19. HP: 102/156 MP: 18/26
 38939 | Vaults:4 | Reached skill level 22 in Fighting
 38939 | Vaults:4 | Reached skill level 1 in Evocations
 38967 | Vaults:4 | Reached skill level 2 in Evocations
 39065 | Vaults:4 | Noticed Frederick
 39076 | Vaults:4 | Killed Frederick
 39077 | Vaults:4 | Reached skill level 3 in Evocations
 39535 | Vaults:4 | Reached skill level 4 in Evocations
 40284 | Elf:1    | Entered Level 1 of the Elven Halls
 40311 | Elf:1    | Reached skill level 5 in Evocations
 40620 | Elf:1    | Reached skill level 6 in Evocations
 41406 | Elf:1    | Reached skill level 7 in Evocations
 41607 | Elf:1    | Found Yjeuminn's Distillery.
 41613 | Elf:1    | Bought a potion of heal wounds for 80 gold pieces
 41613 | Elf:1    | Bought 2 potions of heal wounds for 160 gold pieces
 41613 | Elf:1    | Bought a potion of mutation for 128 gold pieces
 41613 | Elf:1    | Bought a potion of resistance for 160 gold pieces
 41809 | Elf:2    | Identified Roxanne's Spellbook of Changes
 41809 | Elf:2    | Noticed Roxanne
 41996 | Elf:2    | Paralysed by an air elemental for 1 turns
 42245 | Elf:2    | Reached skill level 23 in Fighting
 42598 | Elf:2    | Found a runed translucent gate.
 42598 | Elf:2    | Found a runed translucent gate.
 42598 | Elf:2    | Found a runed translucent gate.
 42606 | Elf:2    | Reached skill level 8 in Evocations
 42696 | Elf:2    | Found a gateway to a bazaar.
 42737 | Bazaar   | Entered a bazaar
 42753 | Bazaar   | Found Colimir's Assorted Antiques.
 42754 | Bazaar   | Found Lahag's Armour Shoppe.
 42797 | Bazaar   | Found Vuth's Antique Weapon Emporium.
 42797 | Bazaar   | Found Fuyt's Antique Armour Emporium.
 42840 | Bazaar   | Bought a twisted scale mail for 270 gold pieces
 42840 | Bazaar   | Identified the +4 scale mail "Kampiageis" {-Cast rF+ Will++
                  | Dex+4} (You bought it in a shop in a bazaar)
 42840 | Bazaar   | Bought a scroll of teleportation for 90 gold pieces
 43090 | Elf:3    | Entered Level 3 of the Elven Halls
 43980 | Elf:3    | Reached skill level 9 in Evocations
 43980 | Elf:3    | Reached XP level 20. HP: 121/164 MP: 20/27
 44266 | Elf:3    | Reached skill level 10 in Evocations
 44287 | Elf:3    | Identified the +1 buckler of Inevitability {rElec rN++
                  | Int-3}
 44827 | Elf:3    | Identified the +1 leather armour of the Depths {rC- Str+3
                  | Dex+4}
 44827 | Elf:3    | Identified the ring "Peotul" {rPois EV+5}
 44890 | Elf:3    | Identified the +11 mace of the Tooth {venom, rC+ Str+3}
 45104 | Elf:3    | Got the Reference Book on Profane Mysteries
 45125 | Elf:3    | Identified the -2 hat of Foxoav {rElec Int+2}
 45142 | Elf:3    | Identified the +2 rapier of Perversion {heavy, Dex+6}
 45549 | Swamp:1  | Entered Level 1 of the Swamp
 45999 | Swamp:1  | Reached skill level 11 in Evocations
 46336 | Swamp:2  | Reached skill level 24 in Fighting
 46595 | Swamp:2  | Found a bloodstained altar of Trog.
 47482 | Swamp:3  | Reached skill level 12 in Evocations
 47926 | Swamp:4  | Entered Level 4 of the Swamp
 48603 | Swamp:4  | Noticed the 27-headed Lernaean hydra
 48634 | Swamp:4  | Killed the 27-headed Lernaean hydra
 48635 | Swamp:4  | Reached XP level 21. HP: 149/176 MP: 22/28
 48815 | Swamp:4  | Got a decaying rune of Zot
 49120 | Swamp:4  | Acquired the +1 buckler "Otiem" {Harm rF+ rC+ Str+3}
 49458 | Depths:1 | Entered Level 1 of the Depths
 49468 | Depths:1 | Reached skill level 13 in Evocations
 49805 | Depths:1 | Found a gateway to Hell.
 50115 | Depths:1 | Reached skill level 25 in Fighting
 50243 | Depths:1 | Found a one-way gateway to a ziggurat.
 50248 | Depths:1 | Gained mutation: You expend magic power (3 MP) to
                  | strengthen your wands. [a shining eye]
 50251 | Depths:1 | Gained mutation: You are vulnerable to heat. (rF-) [a
                  | shining eye]
 50260 | Depths:1 | Lost mutation: You are vulnerable to heat. (rF-) [potion of
                  | mutation]
 50260 | Depths:1 | Lost mutation: You expend magic power (3 MP) to strengthen
                  | your wands. [potion of mutation]
 50260 | Depths:1 | Gained mutation: Your spells are a little easier to cast,
                  | but a little less powerful. [potion of mutation]
 50260 | Depths:1 | Gained mutation: You expend magic power (3 MP) to
                  | strengthen your wands. [potion of mutation]
 50508 | Depths:1 | Found a corrupted altar of Lugonu.
 50508 | Depths:1 | Found a one-way gate to the infinite horrors of the Abyss.
 50538 | Depths:1 | Found a stormy altar of Qazlal.
 51070 | Depths:2 | Reached skill level 14 in Evocations
 51074 | Depths:2 | Reached skill level 14 in Armour
 51078 | Depths:2 | Noticed a golden dragon
 51322 | Depths:2 | Killed a golden dragon
 51536 | D:9      | Bought the brooch of Shielding {Spirit SH+8} for 780 gold
                  | pieces
 51536 | D:9      | Found the brooch of Shielding {Spirit SH+8}
 52984 | Depths:2 | Found a one-way gate leading to the halls of Pandemonium.
 53004 | Depths:2 | Reached skill level 15 in Evocations
 53095 | Depths:2 | You fall into a shaft and drop 2 floors!
 53095 | Depths:4 | Entered Level 4 of the Depths
 53100 | Depths:3 | Found Ninail's Antique Armour Shop.
 53106 | Depths:2 | Found a basalt altar of Yredelemnul.
 53488 | Depths:2 | Reached skill level 15 in Armour
 53978 | Depths:3 | Noticed Parghit
 54008 | Depths:3 | Killed Parghit
 54251 | Depths:3 | Noticed Margery
 54259 | Depths:3 | Gained mutation: You have a pair of large horns on your
                  | head. [demonic ancestry]
 54259 | Depths:3 | Reached XP level 22. HP: 155/184 MP: 21/29
 54268 | Depths:3 | Killed Margery
 54280 | Depths:3 | HP: 6/185 [Margery the human simulacrum (68)]
 54695 | Depths:3 | Noticed a juggernaut
 54699 | Depths:3 | Noticed a golden dragon
 54713 | Depths:3 | Killed a juggernaut
 54722 | Depths:3 | Killed a golden dragon
 54903 | Depths:3 | Found Kataer's General Store.
 54905 | Depths:3 | Found Ruikoq's Assorted Antiques.
 54907 | Depths:3 | Found Junesoec's General Store.
 54910 | Depths:3 | Noticed Jory
 54921 | Depths:3 | Killed Jory
 54922 | Depths:3 | Reached skill level 16 in Evocations
 54981 | Depths:3 | Bought a scroll of blinking for 142 gold pieces
 54981 | Depths:3 | Bought 2 potions of heal wounds for 190 gold pieces
 56135 | Vaults:4 | >>lul
 56136 | Vaults:5 | Entered Level 5 of the Vaults
 56136 | Vaults:5 | Noticed a golden dragon
 56160 | Vaults:4 | Killed a golden dragon
 56165 | Vaults:4 | Reached skill level 16 in Armour
 56328 | Vaults:4 | HP: 26/277 [poisoned by a green very ugly thing]
 56848 | Vaults:5 | Reached skill level 17 in Evocations
 57744 | Vaults:5 | Noticed a dread lich
 57751 | Vaults:5 | Noticed an ancient lich
 57924 | Vaults:5 | Noticed a dread lich
 57924 | Vaults:5 | Noticed a dread lich
 57933 | Vaults:4 | Killed a dread lich
 57934 | Vaults:4 | Reached skill level 17 in Armour
 58004 | Vaults:4 | Killed a dread lich
 58072 | Vaults:4 | Killed a dread lich
 58082 | Vaults:4 | Killed an ancient lich
 58175 | Vaults:5 | Identified the +9 scimitar of Bespelled Guilt {protect,
                  | Str+2}
 58553 | Vaults:4 | Reached skill level 18 in Evocations
 58632 | Vaults:5 | Noticed an ancient lich
 58832 | Vaults:4 | Gained mutation: Your presence sometimes corrodes those you
                  | injure. [demonic ancestry]
 58832 | Vaults:4 | Reached XP level 23. HP: 146/190 MP: 17/30
 59224 | Vaults:5 | Killed an ancient lich
 59265 | Vaults:5 | Identified the +8 trident of Certain Death {holy, *Corrode
                  | rC++ rN+++}
 59411 | Vaults:5 | Identified the ring of Gucsufid {rPois rCorr}
 59520 | Vaults:5 | Got the Directory of the Unstable Flock
 59644 | Vaults:5 | Identified the amulet "Yxtiuxez" {+Blink Regen+ Str+3
                  | Dex+3}
 59653 | Vaults:5 | Noticed an ancient lich
 59662 | Vaults:5 | Killed an ancient lich
 59705 | Vaults:5 | Identified the ring "Poitroav" {rF+ Will+ SInv}
 59918 | Vaults:5 | Found the +0 mask of the Dragon {Will+ Slay+3 SInv}
 60036 | Vaults:5 | Reached skill level 18 in Armour
 60322 | Vaults:5 | Identified the ring of Rajaoxt {rElec rN+}
 60323 | Vaults:5 | Identified the amulet of Caekedaigg {RegenMP SInv Stlth+}
 60329 | Vaults:5 | Identified the +11 halberd "Beetleslayer" {heavy, rElec}
 60427 | Vaults:5 | Got a silver rune of Zot
 60447 | Vaults:5 | Got the Secrets of Gaseous Ill Luck
 60650 | Vaults:5 | Upgraded the game from 0.30-a0-672-gc3a7216ad8 to
                  | 0.30-a0-691-g754fce4c43
 60738 | Crypt:1  | Entered Level 1 of the Crypt
 61020 | Crypt:1  | Reached skill level 19 in Evocations
 61213 | Crypt:1  | Noticed a curse skull
 61223 | Crypt:1  | Killed a curse skull
 61717 | Crypt:1  | Noticed a curse skull
 61728 | Crypt:1  | Killed a curse skull
 63137 | Crypt:2  | Found a basalt altar of Yredelemnul.
 63358 | Crypt:2  | Found an ancient bone altar of Kikubaaqudgha.
 63366 | Crypt:2  | Noticed a curse skull
 63370 | Crypt:2  | Killed a curse skull
 63733 | Crypt:2  | Reached skill level 19 in Armour
 63818 | Crypt:2  | Found an ancient bone altar of Kikubaaqudgha.
 63834 | Crypt:2  | Got the Vellum of Evil Acts
 63924 | Crypt:3  | Entered Level 3 of the Crypt
 64251 | Crypt:3  | Reached skill level 20 in Evocations
 64367 | Crypt:3  | Noticed a dread lich
 64384 | Crypt:3  | Noticed a curse skull
 64842 | Crypt:3  | Gained mutation: Your presence sometimes corrodes or
                  | deforms those you injure. [demonic ancestry]
 64842 | Crypt:3  | Reached XP level 24. HP: 176/198 MP: 8/30
 64899 | Crypt:3  | Killed a curse skull
 65725 | Crypt:3  | Killed a dread lich
 65969 | Crypt:3  | Identified the +1 broad axe "Qeihur" {freeze, Dex+2}
 65979 | Crypt:3  | Got the Papyrus of Misery
 66335 | Crypt:3  | Identified the ring "Liush" {rElec rCorr Int+3 Dex+6
                  | Stlth-}
 66536 | Crypt:3  | Found a staircase to the Tomb.
 67080 | Depths:4 | Noticed a juggernaut
 67091 | Depths:4 | Killed a juggernaut
 67092 | Depths:4 | Reached skill level 12 in Maces & Flails
 67185 | Depths:4 | Reached skill level 21 in Evocations
 67375 | Depths:4 | Found a gate to the Realm of Zot.
 67616 | Depths:4 | Identified the +4 ring mail of the Undertaker {Harm rElec
                  | rF+++ SInv}
 68808 | Slime:1  | Entered Level 1 of the Pits of Slime
 68913 | Slime:5  | Entered Level 5 of the Pits of Slime
 68935 | Slime:5  | Noticed Dissolution
 69105 | Slime:5  | Killed Dissolution
 69106 | Slime:5  | Reached skill level 22 in Evocations
 69275 | Slime:5  | Noticed the Royal Jelly
 69279 | Slime:5  | Found a viscous altar of Jiyva.
 69292 | Slime:5  | Killed the Royal Jelly
 69295 | Slime:5  | Gained mutation: Your magical capacity is low. (-10% MP) [a
                  | shining eye]
 69310 | Slime:5  | Found the +8 Vampire's Tooth {megavamp}
 69339 | Slime:5  | Identified the +1 cloak "Ubbuwo Laeb" {-Tele Rampage rC+}
 69354 | Slime:5  | Got a slimy rune of Zot
 69405 | Slime:5  | Got Risa's Verses on Rank Topology
 69442 | Slime:5  | Got the Almanac of the Compass
 69831 | Zot:1    | Entered Level 1 of the Realm of Zot
 70238 | Zot:1    | Reached skill level 23 in Evocations
 70329 | Zot:1    | Gained mutation: A powerful demonic guardian rushes to your
                  | aid. [demonic ancestry]
 70329 | Zot:1    | Reached XP level 25. HP: 203/204 MP: 15/27
 71253 | Zot:2    | Identified the ring "Yppeg" {EV+5 Slay+3}
 71452 | Zot:2    | Noticed a curse toe
 71627 | Zot:2    | Killed a curse toe
 72115 | Zot:2    | Reached skill level 24 in Evocations
 72743 | Zot:2    | Noticed an orb of fire
 72751 | Zot:2    | Killed an orb of fire
 73455 | Zot:2    | Upgraded the game from 0.30-a0-691-g754fce4c43 to
                  | 0.30-a0-696-g2367cd04db
 74050 | Zot:3    | Reached skill level 25 in Evocations
 74623 | Zot:3    | Noticed a Killer Klown
 74998 | Zot:3    | You fall into a shaft and drop 1 floor!
 75365 | Zot:3    | Identified a +0 robe of the Archmagi
 75369 | Zot:3    | Killed a Killer Klown
 75370 | Zot:3    | Reached skill level 26 in Evocations
 76263 | Zot:4    | Gained mutation: You can speak a Word of Chaos. [demonic
                  | ancestry]
 76263 | Zot:4    | Reached XP level 26. HP: 198/211 MP: 0/27
 77146 | Zot:5    | Entered Level 5 of the Realm of Zot
 77146 | Zot:5    | Noticed an electric golem
 77171 | Zot:4    | Killed an electric golem
 77295 | Zot:5    | Reached skill level 27 in Evocations
 77774 | Zot:5    | Noticed a curse toe
 77787 | Zot:5    | Killed a curse toe
 78304 | Zot:5    | Noticed a dread lich
 78305 | Zot:5    | Noticed an orb of fire
 78311 | Zot:5    | Killed a dread lich
 78335 | Zot:5    | Killed an orb of fire
 78653 | Zot:5    | Noticed an orb of fire
 78664 | Zot:5    | Gained mutation: You occasionally shout uncontrollably at
                  | your foes. [an orb of fire]
 78676 | Zot:5    | Killed an orb of fire
 78716 | Zot:4    | Lost mutation: Your magical capacity is low. (-10% MP)
                  | [potion of mutation]
 78716 | Zot:4    | Lost mutation: You expend magic power (3 MP) to strengthen
                  | your wands. [potion of mutation]
 78716 | Zot:4    | Lost mutation: You occasionally shout uncontrollably at
                  | your foes. [potion of mutation]
 78716 | Zot:4    | Gained mutation: Your flesh is cold resistant. (rC+)
                  | [potion of mutation]
 78716 | Zot:4    | Gained mutation: Your spells are easier to cast, but less
                  | powerful. [potion of mutation]
 78716 | Zot:4    | Gained mutation: Your mind is acute. (Int +4, Str/Dex -1)
                  | [potion of mutation]
 78716 | Zot:4    | Gained mutation: You possess an exceptional clarity of
                  | mind. [potion of mutation]
 78920 | Hell     | Entered the Vestibule of Hell
 78920 | Hell     | Noticed Geryon
 78927 | Hell     | Reached skill level 26 in Fighting
 79266 | Hell     | Killed Geryon
 80102 | Hell     | Reached skill level 17 in Dodging
 80277 | Hell     | Found a gateway to the freezing wastes of Cocytus.
 80628 | Hell     | Found a gateway to the ashen valley of Gehenna.
 80762 | Hell     | Found a gateway to the decaying netherworld of Tartarus.
 80883 | Hell     | Found a gateway to the Iron City of Dis.
 81260 | Zot:5    | Noticed an electric golem
 81266 | Zot:5    | Killed an electric golem
 81275 | Zot:5    | Noticed an ancient lich
 81282 | Zot:5    | Killed an ancient lich
 81341 | Zot:5    | Noticed an ancient lich
 81352 | Zot:5    | Killed an ancient lich
 81409 | Zot:5    | Noticed an electric golem
 81416 | Zot:5    | Noticed an orb of fire
 81833 | Zot:5    | Killed an orb of fire
 81840 | Zot:5    | Noticed an ancient lich
 81841 | Zot:5    | Killed an electric golem
 81849 | Zot:5    | Killed an ancient lich
 81852 | Zot:5    | Reached skill level 20 in Armour
 81871 | Zot:5    | Noticed a dread lich
 81892 | Zot:5    | Killed a dread lich
 82380 | Zot:5    | Got the Orb of Zot
 82416 | Zot:5    | Reached skill level 27 in Fighting
 82478 | Zot:3    | Noticed Zoaw the pandemonium lord
 82532 | Zot:3    | Reached XP level 27. HP: 63/224 MP: 15/30
 82557 | Zot:2    | Noticed Ytyenenu the pandemonium lord
 82562 | Zot:2    | HP: 16/224 [??? (20)]
 82582 | Zot:2    | Noticed Laluit the pandemonium lord
 82734 | D:15     | HP: 16/224 [hellion/damnation (37)]
 82893 | D:4      | Noticed Dusepati the pandemonium lord
 82959 | D:$      | Escaped with the Orb!

Vanquished Creatures
  the Royal Jelly (Slime:5)
  Dissolution (Slime:5)
  A dread lich (Vaults:4)
  3 orbs of fire
  2 ancient liches (Zot:5)
  A juggernaut (Depths:3)
  Parghit (Depths:3)
  the Lernaean hydra (Swamp:4)
  Bai Suzhen (Spider:3)
  2 Killer Klowns (Zot:5)
  Geryon (Hell)
  A profane servitor (Crypt:2)
  6 golden dragons
  Nikola (Spider:1)
  Jory (Depths:3)
  A Tzitzimitl (Depths:4)
  3 hellephants (Depths:2)
  Zenata (Vaults:3)
  3 electric golems
  A spectral shard shrike (Crypt:3)
  Jorgrun (Orc:1)
  Rupert (Lair:4)
  A lich (Depths:2)
  A deep elf blademaster (Elf:3)
  14 tentacled monstrosities
  18 Orb Guardians
  An Ice Fiend (Zot:3)
  2 quicksilver dragons
  2 deep elf master archers (Elf:3)
  3 titans
  5 acid blobs (Slime:5)
  A death cob (Zot:1)
  7 shadow dragons
  2 ancient champions (Crypt:2)
  8 sphinxes
  The ghost of acebull12 the Severer, an adept FoFi of Okawaru (Spider:4)
  14 storm dragons
  7 fire giants
  2 revenants
  Kirke (Spider:2)
  5 rockslimes (Slime:5)
  3 draconian monks (Zot:4)
  3 azure jellies
  6 iron dragons
  3 tengu reavers
  2 emperor scorpions (Spider:4)
  A draconian knight (Zot:2)
  6 frost giants
  18 vault wardens
  4 deep elf sorcerers
  4 draconian shifters
  6 draconian scorchers
  2 ghost moths (Spider:4)
  2 orc warlords
  4 draconian stormcallers
  A spriggan defender (Depths:3)
  13 very ugly things
  2 curse skulls
  3 deep elf elementalists (Elf:3)
  A juggernaut zombie (Crypt:3)
  17 ironbound preservers
  6 war gargoyles
  9 draconian annihilators
  3 quicksilver oozes (Slime:5)
  4 reapers
  A broodmother (Spider:4)
  5 ghouls
  9 stone giants
  4 deep elf demonologists
  3 ironbound thunderhulks
  4 vampire knights
  12 green draconians
  9 black draconians
  4 eleionomae
  7 red draconians
  2 elemental wellsprings (Hell)
  12 dire elephants
  10 yellow draconians
  2 bunyips
  9 white draconians
  A wendigo (Hell)
  5 purple draconians
  2 lorocyprocas
  12 eidola
  10 spark wasps
  5 deep elf annihilators
  A mummy priest (Crypt:2)
  2 crystal guardians
  7 deep elf death magi
  6 ettins
  The ghost of themarg the Martial Artist, a journeyman GnTm of Cheibriados (D:11)
  3 spectral quicksilver dragons (Crypt:3)
  7 jiangshi
  A spectral spriggan (Crypt:3)
  9 great orbs of eyes
  A spectral fenstrider witch (Crypt:3)
  6 entropy weavers
  7 fire dragons
  2 deep elf high priests (Elf:3)
  16 hydras
  3 spriggan zombies
  A shambling mangrove (Swamp:4)
  A rakshasa (Depths:2)
  2 caustic shrike simulacra
  2 ogre magi
  A hell beast (Zot:5)
  29 vault guards
  9 yaktaur captains
  8 ice dragons
  A fenstrider witch zombie (Crypt:3)
  Harold (Orc:1)
  3 peacekeepers
  14 centaur warriors
  6 ironbound frosthearts
  Erica (D:9)
  A catoblepas (D:13)
  A ghost crab (Swamp:3)
  An alligator (shapeshifter) (Vaults:4)
  11 dancing weapons
  15 two-headed ogres
  4 boulder beetles
  14 hell hogs
  4 alligators
  A death yak (Vaults:4)
  2 deep troll shamans
  3 tengu warriors
  6 deep troll earth magi
  7 death knights
  3 spectral nagas (Crypt:3)
  A bennu skeleton (Crypt:3)
  An orc high priest (Orc:2)
  4 spectral storm dragons (Crypt:3)
  2 vampire magi
  4 spriggan berserkers
  9 deep elf knights
  6 soul eaters
  20 hell knights
  A storm dragon zombie (Depths:2)
  5 sun demons
  Sonja (D:11)
  2 iron trolls
  Amaemon (D:8)
  A storm dragon skeleton (Depths:1)
  A titan skeleton (Depths:1)
  A quicksilver dragon simulacrum (Hell)
  3 sixfirhies
  2 goliath frogs
  A pharaoh ant (Spider:2)
  Lodul (D:10)
  35 deep trolls
  A shadow wraith (Crypt:3)
  3 spectral anacondas
  An anaconda zombie (Crypt:2)
  4 orb spiders
  2 shadow dragon zombies
  9 skeletal warriors
  10 flayed ghosts
  7 bog bodies (Swamp:4)
  6 swamp dragons
  2 glowing orange brains
  3 steelbarb worms
  9 phantasmal warriors
  An iron giant skeleton (Hell)
  6 lindwurms
  10 deep elf archers
  Pikel (D:6)
  24 deep elf pyromancers
  A spectral iron dragon (Crypt:3)
  A fire giant zombie (Depths:1)
  A fenstrider witch simulacrum (Hell)
  9 orc knights
  An obsidian statue (Lair:5)
  22 deep elf zephyrmancers
  15 necromancers
  3 shining eyes
  9 wizards
  26 ugly things
  A shadow dragon skeleton (Hell)
  15 wolf spiders
  10 ironbound convokers
  A will-o-the-wisp (Swamp:3)
  2 manticores
  A spectral ettin (Crypt:3)
  10 cyclopes
  4 orc sorcerers (Orc:2)
  A spectral centaur (Crypt:3)
  12 elephants
  A stone giant skeleton (Hell)
  25 moths of wrath
  2 human skeletons
  A titan simulacrum (Hell)
  14 vault sentinels
  2 black mambas (Lair:4)
  25 slime creatures
  8 rust devils
  2 centaur zombies
  3 eyes of devastation
  Joseph (D:8)
  2 orange demons
  2 torpor snails
  A gargoyle (D:10)
  A minotaur zombie (Crypt:2)
  A grey draconian zombie (Crypt:1)
  2 smoke demons (Hell)
  An orc skeleton (Crypt:1)
  2 unseen horrors
  11 cane toads
  A hellion (Zot:3)
  10 komodo dragons
  7 yaktaurs
  An orb spider zombie (Crypt:1)
  An anaconda simulacrum (Crypt:3)
  A guardian mummy (Crypt:2)
  12 freezing wraiths
  4 rime drakes
  12 trolls
  2 tengu conjurers
  A troll (shapeshifter) (D:15)
  A spectral harpy (Crypt:3)
  2 red devils (Hell)
  A bloated husk (Swamp:2)
  A queen bee (Orc:1)
  8 tyrant leeches
  A polar bear (Lair:3)
  2 hornets (Swamp:3)
  A tyrant leech (shapeshifter) (Depths:2)
  A hydra skeleton (Crypt:2)
  3 meliai
  21 tarantellas
  2 harpy skeletons (Crypt:1)
  An ice dragon zombie (Hell)
  14 blink frogs
  A great orb of eyes zombie (Crypt:1)
  A tarantella zombie (Crypt:1)
  An iron dragon simulacrum (Crypt:3)
  2 ettin zombies
  26 jumping spiders
  A centaur simulacrum (D:10)
  A culicivora (shapeshifter) (Elf:1)
  10 culicivoras
  4 spriggans
  2 shadows
  8 water elementals
  3 air elementals (Elf:2)
  9 flying skulls
  5 wraiths
  A fire dragon skeleton (Crypt:3)
  2 vampires
  6 wyverns
  A human (Elf:2)
  A hog (Spider:2)
  41 yaks
  3 redbacks (shapeshifter)
  A fire bat (shapeshifter) (Vaults:2)
  2 golden eyes
  44 redbacks
  10 vampire mosquitoes
  A chaos spawn (D:9)
  2 basilisks
  A neqoxec (D:15)
  A harpy simulacrum (Hell)
  8 swamp worms
  A spectral cane toad (Lair:5)
  A deep troll zombie (Crypt:1)
  4 acid dragons
  2 wargs
  3 hell hounds (Hell)
  A two-headed ogre zombie (Orc:1)
  A hydra simulacrum (Hell)
  18 water moccasins
  A glowing shapeshifter skeleton (Vaults:3)
  A sky beast (D:8)
  5 ice beasts
  27 orc warriors
  A hornet zombie (Crypt:1)
  6 swamp drakes
  2 human zombies
  27 ogres
  13 wolves
  2 boggarts (Vaults:1)
  2 swamp dragon skeletons
  12 centaurs
  2 phantoms (D:6)
  5 kobold brigands
  8 bullfrogs
  A draconian zombie (Crypt:3)
  A necrophage (Swamp:2)
  A gnoll sergeant (D:10)
  A cane toad simulacrum (Lair:5)
  3 scorpions
  3 earth elementals
  12 wights
  30 killer bees
  6 howler monkeys
  2 electric eels
  A human simulacrum (Vaults:3)
  9 jellies (Lair:5)
  10 orc priests
  2 hounds (D:7)
  Jessica (D:2)
  Natasha (thrice) (D:3)
  A gnoll bouda (D:6)
  3 iguanas (Lair:2)
  24 orc wizards
  A killer bee zombie (Crypt:2)
  An ogre zombie (Crypt:1)
  A deep dwarf skeleton (Crypt:3)
  5 adders
  2 gnolls (D:6)
  2 shadow imps (Gauntlet)
  A white imp (D:8)
  2 worms
  5 dart slugs
  41 orcs
  5 ball pythons
  4 bats
  6 endoplasms
  3 giant cockroaches
  4 goblins
  10 hobgoblins
  4 jackals
  15 kobolds
  2 quokkas (D:1)
  2 training dummies (D:14)
  4 frilled lizards
  5 rats
  A bush (D:11)
  2 fire vortices (Hell)
1755 creatures vanquished.

Vanquished Creatures (collateral kills)
  5 dread liches
  An orb of fire (Zot:5)
  A juggernaut (Depths:4)
  4 ancient liches
  Frederick (Vaults:4)
  2 Killer Klowns
  Margery (Depths:3)
  3 golden dragons
  2 curse toes
  4 tentacled monstrosities
  A shard shrike skeleton (Crypt:2)
  10 Orb Guardians (Zot:5)
  A quicksilver dragon (Zot:3)
  A deep elf master archer (Elf:3)
  3 deep elf blademasters (Elf:3)
  2 acid blobs
  A walking divine tome (Depths:4)
  An ancient champion (Crypt:3)
  A thorn hunter (Swamp:1)
  3 storm dragons
  6 death cobs
  7 shadow dragons
  5 tengu reavers
  A draconian monk (Zot:3)
  A fire giant (Depths:2)
  2 azure jellies (Slime:5)
  2 revenants (Crypt:3)
  A draconian knight (Zot:2)
  2 frost giants
  4 deep elf sorcerers (Elf:3)
  3 vault wardens
  4 draconian scorchers
  6 ghost moths
  2 draconian stormcallers (Zot:3)
  A deep elf elementalist (Elf:3)
  2 curse skulls
  2 draconian shifters (Zot:3)
  2 ghouls
  3 stone giants
  6 draconian annihilators
  An orc warlord (Vaults:2)
  A war gargoyle (Vaults:5)
  2 ironbound preservers
  2 ironbound thunderhulks
  5 very ugly things
  2 vampire knights
  An eleionoma (Swamp:2)
  2 red draconians
  6 green draconians
  2 deep elf annihilators
  A deep elf demonologist (Elf:3)
  4 purple draconians
  A minotaur (Gauntlet)
  2 white draconians
  2 bunyips
  5 yellow draconians
  6 black draconians
  A spark wasp (Spider:4)
  3 dire elephants
  3 deep elf death magi
  2 ettins
  2 merfolk impalers (Depths:4)
  2 eidola (Crypt:3)
  A crystal guardian (Vaults:4)
  5 jiangshi
  2 spectral quicksilver dragons (Crypt:3)
  A merfolk javelineer (Depths:4)
  Snorg (Orc:1)
  A shambling mangrove (Swamp:3)
  2 yaktaur captains
  2 great orbs of eyes
  An entropy weaver (Vaults:2)
  2 spectral spriggans (Crypt:3)
  8 hydras
  A vault guard (Vaults:3)
  A peacekeeper (Vaults:4)
  3 ice dragons
  A ghost crab (Swamp:2)
  2 fire dragons
  A jorogumo (shapeshifter) (Vaults:4)
  A rakshasa (Depths:2)
  3 two-headed ogres (Vaults:5)
  A death knight (Crypt:1)
  6 dancing weapons
  A centaur warrior (D:10)
  A deep troll earth mage (Depths:3)
  A catoblepas (D:15)
  5 alligators
  A deep troll shaman (Depths:1)
  A titan zombie (Depths:2)
  2 boulder beetles
  2 hell hogs
  2 tengu warriors
  5 vampire magi
  Urug (Lair:2)
  5 spriggans
  An emperor scorpion zombie (Crypt:1)
  2 soul eaters
  A spriggan berserker (Depths:4)
  4 hell knights
  3 deep elf knights
  2 shadow wraiths
  4 skeletal warriors
  2 iron trolls (Depths:1)
  A storm dragon skeleton (Crypt:2)
  2 orb spiders
  A pharaoh ant (Spider:3)
  A goliath frog (Swamp:3)
  A glowing orange brain (Depths:2)
  7 swamp dragons
  2 spriggan druids
  4 deep trolls
  An orb spider (shapeshifter) (Vaults:4)
  A flayed ghost (Crypt:2)
  2 ironbound convokers (Vaults:4)
  2 wizards
  2 bog bodies (Swamp:4)
  A steelbarb worm (Spider:1)
  A fenstrider witch simulacrum (Crypt:1)
  4 lindwurms
  9 deep elf pyromancers
  3 necromancers
  2 orc knights
  3 deep elf archers
  An iron dragon zombie (Depths:2)
  7 phantasmal warriors
  2 wolf spiders
  9 deep elf zephyrmancers
  9 ugly things
  7 moths of wrath
  An elephant (Lair:2)
  An iron dragon skeleton (Crypt:3)
  3 black mambas
  A black mamba (shapeshifter) (Elf:3)
  Maurice (D:9)
  2 vault sentinels
  2 cane toads
  2 demonic crawlers
  An eye of devastation (Slime:5)
  A torpor snail (Spider:1)
  An alligator snapping turtle skeleton (Crypt:2)
  2 unseen horrors
  4 freezing wraiths (Crypt:3)
  3 komodo dragons
  A rime drake (Lair:5)
  5 yaktaurs
  A tormentor (Zot:3)
  4 tyrant leeches
  A bloated husk (Swamp:2)
  A meliai (Spider:2)
  2 spectral harpies (Crypt:3)
  2 trolls
  8 hornets
  12 tarantellas
  A blink frog (Lair:1)
  3 culicivoras (Spider:4)
  3 flying skulls (Crypt:3)
  4 jumping spiders
  2 shadows (Crypt:3)
  8 slime creatures
  A yak (shapeshifter) (Elf:1)
  A wyvern (D:10)
  A dire elephant simulacrum (Lair:5)
  5 water elementals
  A wraith (D:9)
  A basilisk (Lair:3)
  2 steam dragons
  12 yaks
  A hog (Spider:2)
  7 vampire mosquitoes
  A neqoxec (Zot:2)
  2 wargs (Orc:2)
  Edmund (D:5)
  13 redbacks
  3 swamp worms
  3 water moccasins (Lair:4)
  A cane toad skeleton (Crypt:3)
  2 swamp drakes (Swamp:4)
  A black bear (shapeshifter) (Vaults:5)
  6 orc warriors
  A black mamba simulacrum (Crypt:1)
  2 ettin simulacra
  6 ogres
  3 centaurs
  A black bear (D:6)
  2 boggarts (Vaults:1)
  A dream sheep skeleton (Crypt:2)
  2 wolves
  A lemure (D:6)
  A kobold brigand (D:10)
  3 bullfrogs
  A necrophage (Swamp:2)
  A draconian skeleton (Crypt:2)
  2 wights
  2 killer bees
  2 howler monkeys
  An electric eel (Spider:2)
  4 orc priests
  3 hounds
  5 jellies (Lair:5)
  3 iguanas
  15 orc wizards
  3 gnolls (D:6)
  2 adders (Lair:4)
  A shadow imp (D:6)
  A white imp (Zot:2)
  An iguana skeleton (Crypt:2)
  3 worms
  A dart slug (D:5)
  24 orcs
  An endoplasm (D:2)
  A giant cockroach (D:4)
  3 goblins
  A jackal (D:5)
  7 kobolds
  2 quokkas
  A training dummy (D:14)
  A ball python (D:4)
  A bat (D:13)
  A rat skeleton (Crypt:2)
  A river rat zombie (Crypt:2)
  A briar patch (Swamp:1)
  2 fire vortices (Hell)
614 creatures vanquished.

Vanquished Creatures (others)
  An elemental wellspring (Hell)
  A spriggan (Swamp:1)
  A deep elf pyromancer (Elf:1)
  3 deep elf zephyrmancers
  An eye of devastation (Slime:5)
  A bloated husk (Swamp:1)
  A hornet (Swamp:1)
  An air elemental (Elf:2)
  A swamp drake (Swamp:4)
  58 battlemagi
  2 ancestors
  A briar patch (Swamp:1)
  A creeping inferno (Hell)
  4 demonic plants (Gauntlet)
  4 fire vortices (Hell)
  8 foxfires (Swamp:3)
  19 fungi
  18 plants
  17 withered plants
143 creatures vanquished.

Grand Total: 2512 creatures vanquished

Table legend: (Time is in decaauts)
 A = Elapsed time spent in this place.
 B = Non-inter-level travel time spent in this place.
 C = Inter-level travel time spent in this place.
 D = Time resting spent in this place.
 E = Time spent auto-exploring this place.
 F = Levels seen in this place.
 G = Mean time per level.
                   A        B        C        D        E       F      G
               +--------+--------+--------+--------+--------+-----+--------+
         Total |  80416 |  73757 |   6659 |  16520 |  46156 |  58 | 1386.5 |
       Dungeon |  17530 |  15025 |   2505 |    958 |  11829 |  15 | 1168.7 |
          Lair |   6898 |   5991 |    907 |    472 |   4633 |   5 | 1379.6 |
         Swamp |   3738 |   3561 |    177 |    471 |   2533 |   4 |  934.5 |
   Spider Nest |   5154 |   5010 |    144 |   1095 |   3185 |   4 | 1288.5 |
    Slime Pits |    627 |    568 |     59 |    287 |      0 |   5 |  125.4 |
  Orcish Mines |   2851 |   2648 |    203 |     99 |   2145 |   2 | 1425.5 |
   Elven Halls |   4743 |   4485 |    258 |   1077 |   2682 |   3 | 1581.0 |
        Vaults |  12949 |  12204 |    745 |   4106 |   6497 |   5 | 2589.8 |
         Crypt |   5724 |   5575 |    149 |   1514 |   3215 |   3 | 1908.0 |
        Depths |   9330 |   8703 |    627 |   3010 |   4696 |   4 | 2332.5 |
          Hell |    815 |    795 |     20 |     57 |    462 |   1 |  815.0 |
           Zot |   9594 |   8736 |    858 |   3304 |   4098 |   5 | 1918.8 |
        Bazaar |    126 |    126 |      0 |      0 |     78 |   1 |  126.0 |
      Gauntlet |    332 |    332 |      0 |     67 |    100 |   1 |  332.0 |
               +--------+--------+--------+--------+--------+-----+--------+

Top non-repeatable levels by time:
Vaults:4: 5456 daAuts
Depths:4: 3429 daAuts
   Zot:4: 2855 daAuts
Depths:2: 2408 daAuts
   Zot:2: 2366 daAuts
 Crypt:3: 2341 daAuts
Vaults:3: 2295 daAuts
Vaults:2: 2198 daAuts
    D:10: 2184 daAuts
Depths:1: 1880 daAuts
  Lair:5: 1846 daAuts
 Crypt:2: 1819 daAuts
Spider:4: 1742 daAuts
    D:15: 1737 daAuts
   Elf:3: 1691 daAuts

Table legend:
 A = Non-vault XP
 B = Vault XP
 C = Vault XP percentage of total XP
 D = Non-vault monster count
 E = Vault monster count
 F = Vault count percentage of total count
                 A         B        C        D         E       F
            +---------+---------+-------+---------+---------+-------
      Total |  797412 |  696307 |  46.6 |    1480 |     860 |  36.8
            +---------+---------+-------+---------+---------+-------
        D:1 |      38 |       0 |   0.0 |      19 |       0 |   0.0
        D:2 |      41 |      37 |  47.4 |      20 |       1 |   4.8
        D:3 |     116 |      36 |  23.7 |      22 |       1 |   4.3
        D:4 |     472 |      70 |  12.9 |      25 |       1 |   3.8
        D:5 |     592 |     355 |  37.5 |      17 |       6 |  26.1
        D:6 |    1248 |     641 |  33.9 |      30 |       1 |   3.2
        D:7 |    1028 |       0 |   0.0 |      17 |       0 |   0.0
        D:8 |    2202 |    1593 |  42.0 |      24 |       3 |  11.1
        D:9 |    3230 |    1285 |  28.5 |      33 |       2 |   5.7
       D:10 |    1179 |   15890 |  93.1 |      12 |      56 |  82.4
       D:11 |    4729 |    1802 |  27.6 |      16 |       3 |  15.8
       D:12 |    5757 |       0 |   0.0 |      22 |       0 |   0.0
       D:13 |    6602 |    1868 |  22.1 |      19 |       5 |  20.8
       D:14 |    4959 |       6 |   0.1 |       7 |       3 |  30.0
       D:15 |   10515 |    2858 |  21.4 |      26 |       3 |  10.3
     Lair:1 |    4775 |    2009 |  29.6 |      20 |       7 |  25.9
     Lair:2 |    7123 |    2966 |  29.4 |      21 |      11 |  34.4
     Lair:3 |    5706 |    1073 |  15.8 |      26 |       6 |  18.8
     Lair:4 |    6561 |    4648 |  41.5 |      21 |      17 |  44.7
     Lair:5 |    8364 |   12587 |  60.1 |      29 |      35 |  54.7
    Swamp:1 |    7376 |       0 |   0.0 |      14 |       0 |   0.0
    Swamp:2 |   15302 |       0 |   0.0 |      27 |       0 |   0.0
    Swamp:3 |   16736 |       0 |   0.0 |      31 |       0 |   0.0
    Swamp:4 |   10936 |   21735 |  66.5 |      22 |      32 |  59.3
   Spider:1 |    9827 |    2296 |  18.9 |      30 |       1 |   3.2
   Spider:2 |   11788 |    4051 |  25.6 |      30 |      16 |  34.8
   Spider:3 |   14158 |    2939 |  17.2 |      34 |       1 |   2.9
   Spider:4 |    7761 |   21936 |  73.9 |      23 |      44 |  65.7
    Slime:1 |    2706 |       0 |   0.0 |       6 |       0 |   0.0
    Slime:2 |    4941 |       0 |   0.0 |       6 |       0 |   0.0
    Slime:4 |    1778 |       0 |   0.0 |       2 |       0 |   0.0
    Slime:5 |    8444 |   28381 |  77.1 |      12 |      19 |  61.3
      Orc:1 |    2499 |   13343 |  84.2 |      34 |      55 |  61.8
      Orc:2 |    3025 |    9372 |  75.6 |      41 |      27 |  39.7
      Elf:1 |   25535 |    7932 |  23.7 |      42 |      14 |  25.0
      Elf:2 |   16242 |    4290 |  20.9 |      31 |       6 |  16.2
      Elf:3 |   23540 |   37082 |  61.2 |      37 |      31 |  45.6
   Vaults:1 |    8133 |   16131 |  66.5 |      18 |      19 |  51.4
   Vaults:2 |   33791 |    9962 |  22.8 |      45 |      10 |  18.2
   Vaults:3 |   17081 |   21220 |  55.4 |      26 |      25 |  49.0
   Vaults:4 |   38506 |  102248 |  72.6 |      55 |      86 |  61.0
   Vaults:5 |   15329 |   62008 |  80.2 |      24 |      53 |  68.8
    Crypt:1 |   41092 |       0 |   0.0 |      66 |       0 |   0.0
    Crypt:2 |   18971 |   11409 |  37.6 |      27 |      16 |  37.2
    Crypt:3 |   32187 |   44828 |  58.2 |      40 |      66 |  62.3
   Depths:1 |   36763 |    2469 |   6.3 |      46 |       4 |   8.0
   Depths:2 |   40843 |   28959 |  41.5 |      48 |      25 |  34.2
   Depths:3 |   13713 |   22148 |  61.8 |      14 |      13 |  48.1
   Depths:4 |   32658 |   23621 |  42.0 |      39 |      25 |  39.1
       Hell |    9546 |   23742 |  71.3 |      17 |      31 |  64.6
      Zot:1 |   32566 |    2406 |   6.9 |      31 |       2 |   6.1
      Zot:2 |   45487 |       0 |   0.0 |      40 |       0 |   0.0
      Zot:3 |   47970 |   19374 |  28.8 |      37 |      21 |  36.2
      Zot:4 |   49949 |    4485 |   8.2 |      41 |       4 |   8.9
      Zot:5 |   24996 |   93625 |  78.9 |      18 |      39 |  68.4
   Gauntlet |       0 |    4591 | 100.0 |       0 |      14 | 100.0
            +---------+---------+-------+---------+---------+-------
